 Dungeon Crawl Stone Soup version 0.28-a0-612-gcfc00ec14d (webtiles) character file.

Game seed: 7308660725142565241

632 jasper the Skirmisher (level 7, -1/82 HPs)
             Began as a Demonspawn Artificer on Oct 5, 2021.
             Was a Follower of Cheibriados.
             Slain by a kobold brigand (8 damage)
             ... on level 5 of the Dungeon.
             The game lasted 00:08:20 (5347 turns).

jasper the Skirmisher (Demonspawn Artificer)        Turns: 5347, Time: 00:08:21

Health: -1/82      AC: 23    Str: 14 (16) XL:     7   Next: 24%
Magic:  7/7        EV:  2    Int: 15 (17) God:    Cheibriados [*.....]
Gold:   220        SH:  0    Dex: 15 (16) Spells: 4/6 levels left

rFire   . . .      SeeInvis +     - Unarmed
rCold   . . .      Faith    .   (no shield)
rNeg    . . .      Spirit   .   (armour currently unavailable)
rPois   +          Reflect  .   (helmet currently unavailable)
rElec   .          Harm     .   (cloak currently unavailable)
rCorr   .          Rampage  .   (gloves currently unavailable)
Will    +....      NoTele   +   (boots currently unavailable)
Stlth   ++........              (no amulet)
HPRegen 0.23/turn               p - ring of see invisible
MPRegen 0.10/turn               v - ring of willpower

@: tree-form, very slow
A: stationary, stasis, torment immunity, boosted hp, (talons 1), demonic magic 2
a: Renounce Religion, Bend Time


You were on level 5 of the Dungeon.
You worshipped Cheibriados.
Cheibriados was aware of your devotion.
You were a tree.
You visited 2 branches of the dungeon, and saw 6 of its levels.

You collected 220 gold pieces.

Inventory:

Hand Weapons
 a - a +1 club
 g - a +0 short sword
 i - a +9 club
 w - a +2 short sword of venom
Missiles
 f - 140 stones
 t - 3 poisoned darts (quivered)
 x - a boomerang
Armour
 b - a +0 leather armour
 j - a +1 ring mail (melded)
 l - a +0 robe
 r - a +2 cloak (melded)
Jewellery
 p - a ring of see invisible (left branch)
 v - a ring of willpower (right branch)
 B - a ring of ice
Wands
 d - a wand of charming (13)
 z - a wand of iceblast (6)
Scrolls
 q - 2 scrolls of fear
 u - a scroll of amnesia
 y - a scroll of brand weapon {unknown}
 A - a scroll of identify
Potions
 h - 2 potions of mutation
 s - a potion of might {unknown}
 C - a potion of magic {unknown}
Miscellaneous
 e - a piece from Xom's chessboard (15/15)


   Skills:
 + Level 4.5 Fighting
 - Level 2.0 Throwing
 - Level 1.7 Armour
 + Level 3.7 Dodging
 - Level 0.8 Stealth
 + Level 3.5 Unarmed Combat
 - Level 3.0 Evocations


You had 4 spell levels left.
You knew the following spells:

 Your Spells              Type           Power      Damage    Failure   Level
a - Sublimation of Blood  Necr           0%         N/A       38%         2

Your spell library contained the following spells:

 Spells                   Type           Power      Damage    Failure   Level
 Slow                     Hex            0%         N/A       38%         2
 Confusing Touch          Hex            0%         N/A       63%         3
 Petrify                  Tmut/Erth      0%         N/A       95%         4
 Irradiate                Conj/Tmut      0%         3d13      100%        5
 Metabolic Englaciation   Hex/Ice        0%         N/A       100%        5
 Yara's Violent Unravell  Hex/Tmut       0%         3d3       100%        5
 Statue Form              Tmut/Erth      0%         N/A       100%        6


Dungeon Overview and Level Annotations

Branches:
Dungeon (5/15)             Temple (1/1) D:4

Altars:
Cheibriados
Hepliaklqana
Kikubaaqudgha
Makhleb
Nemelex Xobeh
Qazlal
Ru
Vehumet
Xom
Yredelemnul
The Shining One


Innate Abilities, Weirdness & Mutations

You are a tree.
Your roots penetrate the ground, keeping you stationary.
You cannot be teleported.
You are immune to unholy pain and torment.
Your maximum health is greatly increased.
Your equipment is partially melded.
((You have sharp toenails.))
Spells you cast may paralyse nearby enemies.


Message History

The kobold brigand misses you.
You closely miss the kobold brigand.
You claw the kobold brigand, but do no damage.
The kobold brigand is moderately wounded.
The kobold barely misses you.
The kobold brigand hits you with a +0 whip.
* * * LOW HITPOINT WARNING * * *
The kobold hits you but does no damage.
The kobold brigand hits you with a +0 whip.
* * * LOW HITPOINT WARNING * * *
You take 7 damage, and have 6/55 hp.
It was a potion of brilliance.
You feel clever all of a sudden.
You feel yourself speed up. The kobold hits you but does no damage.
The kobold brigand hits you but does no damage.
The kobold hits you with a +0 whip.
* * * LOW HITPOINT WARNING * * *
You take 1 damage, and have 5/55 hp.
It was a potion of cancellation.
Your magical effects are unravelling.
You feel magically purged.
You feel a little less clever now.
The kobold brigand hits you but does no damage.
The kobold hits you but does no damage.
It was a potion of degeneration.
There was something very wrong with that liquid.
You feel weakened.
You feel dopey.
You feel clumsy.
The kobold brigand hits you with a +0 whip.
* * * LOW HITPOINT WARNING * * *
The kobold barely misses you.
It was a potion of lignification.
You turn into a tree.
Your +2 cloak melds into your body.
Your +1 ring mail melds into your body.
Your roots penetrate the ground.
The kobold brigand hits you with a +0 whip.
* * * LOW HITPOINT WARNING * * *
The kobold hits you but does no damage.
You now have 6/82 hp.
You are now empty-handed.
The kobold brigand hits you with a +0 whip!
You die...

#.# #.# #.# #.#
########## #.# #<#
#(.......# #.# ###
#........# #.#
#........# #.###
#..(.....# ....#
#........# #.#.#
#....KK).# ..#.#########
#♣..#
#.#.........####)..#####
###....................#
.......................#
####...................#
...'....[.....(..#.....#
####........###........#
........(...# #........#
†...###########).......#


You could see a kobold brigand and a kobold.

Vanquished Creatures
  An ogre (D:5)
  2 water moccasin skeletons
  A hound (D:5)
  2 orc priests
  A gnoll shaman (D:5)
  Jessica (D:2)
  2 iguanas (D:5)
  Natasha (twice) (D:3)
  3 orc wizards
  A hound skeleton (D:4)
  2 gnolls (D:5)
  An ufetubus (D:5)
  A worm (D:2)
  A dart slug (D:1)
  18 orcs
  11 ball pythons
  A giant cockroach (D:4)
  3 goblins
  4 hobgoblins
  4 jackals (D:1)
  3 quokkas
  2 bats (D:2)
  A frilled lizard (D:1)
  7 kobolds
  4 rats
79 creatures vanquished.

Vanquished Creatures (others)
  A gnoll (D:5)
  5 plants
6 creatures vanquished.

Grand Total: 85 creatures vanquished

Notes
Turn   | Place    | Note
-------+----------+-------------------------------------------
     0 | D:1      | jasper the Demonspawn Artificer began the quest for the
                  | Orb.
     0 | D:1      | Reached XP level 1. HP: 15/15 MP: 1/1
   361 | D:1      | Gained mutation: You have sharp toenails. [demonic
                  | ancestry]
   361 | D:1      | Reached XP level 2. HP: 21/21 MP: 2/2
   615 | D:1      | Reached skill level 1 in Throwing
  1024 | D:1      | Found a faded altar of an unknown god.
  1567 | D:2      | Reached skill level 2 in Fighting
  1594 | D:2      | Noticed Jessica
  1597 | D:2      | Killed Jessica
  1598 | D:2      | Reached skill level 1 in Dodging
  1598 | D:2      | Gained mutation: Spells you cast may paralyse adjacent
                  | enemies. [demonic ancestry]
  1598 | D:2      | Reached XP level 3. HP: 27/27 MP: 3/3
  2474 | D:3      | Gained mutation: Spells you cast may paralyse nearby
                  | enemies. [demonic ancestry]
  2474 | D:3      | Reached XP level 4. HP: 24/34 MP: 4/4
  2673 | D:3      | Reached skill level 1 in Unarmed Combat
  2982 | D:3      | Reached skill level 3 in Fighting
  2982 | D:3      | Reached XP level 5. HP: 27/41 MP: 5/5
  3095 | D:3      | Noticed Natasha
  3105 | D:3      | HP: 2/41 [orc (4)]
  3543 | D:3      | Killed Natasha
  3667 | D:3      | Noticed Natasha
  3675 | D:3      | Killed Natasha
  3952 | D:4      | Found a staircase to the Ecumenical Temple.
  3962 | Temple   | Entered the Ecumenical Temple
  4011 | Temple   | Became a worshipper of Cheibriados the Contemplative
  4061 | D:4      | Reached XP level 6. HP: 47/47 MP: 6/6
  4092 | D:4      | Learned a level 2 spell: Sublimation of Blood
  4196 | D:4      | Found a hazy altar of Hepliaklqana.
  4405 | D:5      | Entered Level 5 of the Dungeon
  4529 | D:5      | Reached * piety under Cheibriados
  4557 | D:5      | Reached skill level 4 in Fighting
  4859 | D:5      | Reached XP level 7. HP: 10/55 MP: 7/7
  5347 | D:5      | Slain by a kobold brigand

Illustrated notes

Levels and vault maps discovered:
D:1:      dpeg_arrival_rhombi, layout_loops_corners,
          shapermc_ecumenical_altar_mp_vishouse
D:2:      layout_basic, minmay_ruptured, uniq_jessica
D:3:      layout_rooms, serial_forest, infiniplex_forest_clump_double,
          infiniplex_forest_end_2, infiniplex_forest_straight_4,
          infiniplex_forest_clump_small, infiniplex_forest_lined_room_2,
          infiniplex_forest_clump_tiny, infiniplex_forest_lined_2, minivault_14,
          uniq_natasha
D:4:      layout_basic, nicolae_hepliaklqana_hazy_memory,
          minmay_temple_entry_junction
D:5:      minmay_razor_zed, layout_basic
Temple:   jpeg_temple_alley_garden

Skill      XL: |  1  2  3  4  5  6 |
---------------+-------------------+-----
Throwing       | 1 2 |  2.0
Fighting       | 2 3 4 |  4.5
Dodging        | 1 2 3 |  3.7
Unarmed Combat | 1 2 3 |  3.5
Armour         | |  1.7
Stealth        | |  0.8
Evocations     | |  3.0

Action                   |  1- 3 |  4- 6 |  7- 9 || total
-------------------------+-------+-------+-------++-------
Melee: Club              |    60 |   100 |    13 ||   173
       Kick              |     8 |    29 |     5 ||    42
Throw: Stone             |   134 |    49 |       ||   183
       Dart              |       |    55 |     7 ||    62
       Boomerang         |       |       |     4 ||     4
Evoke: Wand              |     7 |    10 |       ||    17
       Piece from Xom's  |       |     8 |       ||     8
  Use: Scroll            |     5 |     5 |       ||    10
       Potion            |       |     1 |     5 ||     6
 Stab: Petrified         |       |     1 |       ||     1
       Sleeping          |       |     1 |       ||     1
Armor: Leather armour    |    13 |       |       ||    13
       Ring mail         |    33 |    40 |    14 ||    87
       Skin              |       |       |     1 ||     1
Dodge: Dodged            |    79 |    54 |    15 ||   148

Table legend: (Time is in decaauts)
 A = Elapsed time spent in this place.
 B = Non-inter-level travel time spent in this place.
 C = Inter-level travel time spent in this place.
 D = Time resting spent in this place.
 E = Time spent auto-exploring this place.
 F = Levels seen in this place.
 G = Mean time per level.
                   A        B        C        D        E       F      G
               +--------+--------+--------+--------+--------+-----+--------+
         Total |   5668 |   5463 |    205 |    901 |   3616 |   6 |  944.7 |
       Dungeon |   5581 |   5411 |    170 |    901 |   3578 |   5 | 1116.2 |
        Temple |     86 |     51 |     35 |      0 |     38 |   1 |   86.0 |
               +--------+--------+--------+--------+--------+-----+--------+

Top non-repeatable levels by time:
     D:1: 1515 daAuts
     D:3: 1272 daAuts
     D:5: 1106 daAuts
     D:2: 1061 daAuts
     D:4: 626 daAuts
  Temple: 86 daAuts
